 Dungeon Crawl Stone Soup version 0.28-a0-925-gd5e1996cdb (webtiles) character file.

Game seed: 17834226163247721768

277 bearlyready the Quickloader (level 6, 0/50 HPs)
             Began as a Gnoll Hunter on Nov 26, 2021.
             Slain by a gnoll (14 damage)
             ... on level 3 of the Dungeon.
             The game lasted 00:05:16 (4251 turns).

bearlyready the Quickloader (Gnoll Hunter)          Turns: 4251, Time: 00:05:17

Health: 0/50       AC:  3    Str: 12    XL:     6   Next: 26%
Magic:  8/8        EV: 13    Int: 11    God:
Gold:   322        SH:  0    Dex: 13    Spells: 8/8 levels left

rFire   . . .      SeeInvis .   a - +1 hand crossbow
rCold   . . .      Faith    .   (no shield)
rNeg    . . .      Spirit   .   c - +0 leather armour
rPois   .          Reflect  .   (no helmet)
rElec   .          Harm     .   (no cloak)
rCorr   .          Rampage  .   (no gloves)
Will    .....                   (no boots)
Stlth   ++........              k - amulet of the acrobat
HPRegen 0.16/turn               (no ring)
MPRegen 0.11/turn               (no ring)

@: no status effects
A: fangs 1, strong nose, distributed training
a: no special abilities


You were on level 3 of the Dungeon.
You visited 1 branch of the dungeon, and saw 4 of its levels.

You collected 322 gold pieces.

Inventory:

Hand Weapons
 a - a +1 hand crossbow (weapon)
 b - a +0 short sword
 m - a +0 mace
Missiles
 d - 5 bolts (quivered ammo)
 e - 42 stones
 h - 8 boomerangs
 r - 8 sling bullets
 s - 24 arrows
Armour
 c - a +0 leather armour (worn)
 n - a +0 chain mail
 p - a +0 cloak
Magical Staves
 o - a staff of conjuration
Jewellery
 k - an amulet of the acrobat (around neck)
Scrolls
 g - 2 scrolls of fear {unknown}
 i - a scroll of vulnerability {unknown}
 l - 3 scrolls of identify {unknown}
 t - a scroll of magic mapping {unknown}
 u - a scroll of summoning {unknown}
Potions
 f - 2 potions of resistance
 j - a potion of might {unknown}
 q - 2 potions of curing {unknown}


   Skills:
 + Level 4.9 Fighting
 + Level 1.9 Short Blades
 + Level 1.9 Long Blades
 + Level 1.9 Axes
 + Level 1.9 Maces & Flails
 + Level 1.9 Polearms
 + Level 1.9 Staves
 + Level 1.9 Slings
 + Level 1.9 Bows
 + Level 8.7 Crossbows
 + Level 1.9 Throwing
 + Level 1.9 Armour
 + Level 4.9 Dodging
 + Level 3.0 Stealth
 + Level 1.9 Shields
 + Level 1.9 Unarmed Combat
 + Level 1.9 Spellcasting
 + Level 1.5 Conjurations
 + Level 1.5 Hexes
 + Level 1.5 Summonings
 + Level 1.5 Necromancy
 + Level 1.5 Translocations
 + Level 1.5 Transmutations
 + Level 1.5 Fire Magic
 + Level 1.5 Ice Magic
 + Level 1.5 Air Magic
 + Level 1.5 Earth Magic
 + Level 1.5 Poison Magic
 + Level 2.1 Invocations
 + Level 1.9 Evocations


You had 8 spell levels left.
You didn't know any spells.
Your spell library contained the following spells:

 Spells                   Type           Power      Damage    Failure   Level
 Shock                    Conj/Air       16%        1d4       21%         1
 Swiftness                Air            4%         N/A       52%         3
 Airstrike                Air            2%         N/A       90%         4


Dungeon Overview and Level Annotations

Branches:
Dungeon (4/15)
 Temple: D:4-7

Altars:

Annotations:
D:2 Sigmund


Innate Abilities, Weirdness & Mutations

You have very sharp teeth.
Your uncanny sense of smell can sniff out nearby items.
Your experience applies equally to all skills.


Message History

The gnoll is moderately wounded.
The gnoll hits you with a +2 flail of protection!
You barely miss the gnoll.
The gnoll is moderately wounded.
The gnoll barely misses you.
You hit the gnoll but do no damage.
The gnoll is moderately wounded.
The gnoll hits you with a +2 flail of protection!
You barely miss the gnoll. You bite the gnoll.
The gnoll is moderately wounded.
The gnoll barely misses you.
You hit the gnoll but do no damage.
The gnoll is moderately wounded.
The gnoll hits you with a +2 flail of protection!
* * * LOW HITPOINT WARNING * * *
The gnoll misses you.
Things that are here:
a +0 short sword; a kobold skeleton
a - a +1 hand crossbow (weapon)
The gnoll closely misses you.
Fire: 8 bolts
Press: ? - help, Q - select action, (/) - cycle Shift-Dir - straight line, f - gnoll
Aim: a gnoll, wielding a +2 flail of protection (moderately wounded, 71% to hit)
You shoot a bolt. The bolt closely misses the gnoll.
The gnoll closely misses you.
Fire: 7 bolts
Press: ? - help, Q - select action, (/) - cycle Shift-Dir - straight line, f/p - gnoll
Aim: a gnoll, wielding a +2 flail of protection (moderately wounded, 71% to hit)
You shoot a bolt.
The bolt hits the gnoll but does no damage.
The gnoll is moderately wounded.
The gnoll barely misses you.
Fire: 6 bolts
Press: ? - help, Q - select action, (/) - cycle Shift-Dir - straight line, f/p - gnoll
Aim: a gnoll, wielding a +2 flail of protection (moderately wounded, 71% to hit)
You shoot a bolt.
The bolt hits the gnoll but does no damage.
The gnoll is moderately wounded.
The gnoll hits you with a +2 flail of protection!
You die...

# #.# #.##....#...... #######.#
#.##.########## ........# #.##.#
########### #.##.# ..........#
####.##.# #########.#
#....##.####### #.#
#.#####.......# #.# #.# #######.#
#.# #@# #.# #.# #g# #.# #.# #.#
#.# #.# #.# #.# #.# #.# #.#
#######.# #.###########.####
###.......######.)>.............#
#.............).()..########.##.#
..#.###############.#### #.......


You could see a gnoll.

Vanquished Creatures
  A necrophage (D:2)
  An ogre (D:3)
  A gnoll (D:3)
  3 adders
  2 worms (D:3)
  A dart slug (D:1)
  9 endoplasms
  6 giant cockroaches
  6 goblins
  5 hobgoblins
  5 kobolds
  A quokka (D:3)
  5 ball pythons
  9 bats
  A frilled lizard (D:1)
  6 rats
62 creatures vanquished.

Vanquished Creatures (others)
  A plant (D:2)
  5 toadstools (D:3)
6 creatures vanquished.

Grand Total: 68 creatures vanquished

Notes
Turn   | Place    | Note
-------+----------+-------------------------------------------
     0 | D:1      | bearlyready the Gnoll Hunter began the quest for the Orb.
     0 | D:1      | Reached XP level 1. HP: 20/20 MP: 1/1
    85 | D:1      | Reached XP level 2. HP: 21/26 MP: 2/2
   555 | D:1      | Reached XP level 3. HP: 31/31 MP: 3/3
   648 | D:1      | You fall into a shaft and drop 1 floor!
   879 | D:1      | Reached skill level 1 in Invocations
  1131 | D:1      | Found a faded altar of an unknown god.
  1716 | D:2      | Reached skill level 1 in Short Blades
  1716 | D:2      | Reached skill level 1 in Long Blades
  1716 | D:2      | Reached skill level 1 in Axes
  1716 | D:2      | Reached skill level 1 in Maces & Flails
  1716 | D:2      | Reached skill level 1 in Polearms
  1716 | D:2      | Reached skill level 1 in Staves
  1716 | D:2      | Reached skill level 1 in Slings
  1716 | D:2      | Reached skill level 1 in Bows
  1716 | D:2      | Reached skill level 1 in Throwing
  1716 | D:2      | Reached skill level 1 in Armour
  1716 | D:2      | Reached skill level 1 in Shields
  1716 | D:2      | Reached skill level 1 in Unarmed Combat
  1716 | D:2      | Reached skill level 1 in Spellcasting
  1716 | D:2      | Reached skill level 1 in Evocations
  1716 | D:2      | Reached XP level 4. HP: 38/38 MP: 5/5
  2189 | D:2      | Noticed Sigmund
  2670 | D:3      | Reached skill level 1 in Conjurations
  2670 | D:3      | Reached skill level 1 in Hexes
  2670 | D:3      | Reached skill level 1 in Summonings
  2670 | D:3      | Reached skill level 1 in Necromancy
  2670 | D:3      | Reached skill level 1 in Translocations
  2670 | D:3      | Reached skill level 1 in Transmutations
  2670 | D:3      | Reached skill level 1 in Fire Magic
  2670 | D:3      | Reached skill level 1 in Ice Magic
  2670 | D:3      | Reached skill level 1 in Air Magic
  2670 | D:3      | Reached skill level 1 in Earth Magic
  2670 | D:3      | Reached skill level 1 in Poison Magic
  2905 | D:3      | Noticed a necrophage
  3071 | D:2      | Killed a necrophage
  3072 | D:2      | Reached XP level 5. HP: 25/43 MP: 5/7
  3741 | D:4      | Noticed an ogre
  3771 | D:3      | Killed an ogre
  3772 | D:3      | Reached XP level 6. HP: 16/50 MP: 8/8
  4251 | D:3      | Slain by a gnoll

Illustrated notes

Levels and vault maps discovered:
D:1:      scummos_arrival_simple_crosswalls, layout_basic,
          shapermc_ecumenical_altar_gd, minmay_heptomino_w4
D:2:      layout_basic, minmay_splitting_lines, serial_bayou_ford_a,
          uniq_sigmund
D:3:      layout_loops_ring, minmay_gold_behind_fungi
D:4:      layout_layer_cave, serial_glass, glass_columns_a, glass_columns_a

Skill      XL: |  1  2  3  4  5 |
---------------+----------------+-----
Invocations    | 1 2 |  2.1
Short Blades   | 1 |  1.9
Long Blades    | 1 |  1.9
Axes           | 1 |  1.9
Maces & Flails | 1 |  1.9
Polearms       | 1 |  1.9
Staves         | 1 |  1.9
Slings         | 1 |  1.9
Bows           | 1 |  1.9
Throwing       | 1 |  1.9
Armour         | 1 |  1.9
Shields        | 1 |  1.9
Unarmed Combat | 1 |  1.9
Spellcasting   | 1 |  1.9
Evocations     | 1 |  1.9
Conjurations   | 1 |  1.5
Hexes          | 1 |  1.5
Summonings     | 1 |  1.5
Necromancy     | 1 |  1.5
Translocations | 1 |  1.5
Transmutations | 1 |  1.5
Fire Magic     | 1 |  1.5
Ice Magic      | 1 |  1.5
Air Magic      | 1 |  1.5
Earth Magic    | 1 |  1.5
Poison Magic   | 1 |  1.5
Stealth        | 3 |  3.0
Fighting       | |  4.9
Crossbows      | |  8.7
Dodging        | |  4.9

Action                   |  1- 3 |  4- 6 || total
-------------------------+-------+-------++-------
Melee: Short sword       |   111 |   112 ||   223
       Bite              |     9 |     9 ||    18
 Fire: Hand crossbow     |    25 |    24 ||    49
 Stab: Sleeping          |     1 |     1 ||     2
Armor: Leather armour    |    34 |    23 ||    57
Dodge: Dodged            |    93 |   112 ||   205

Table legend: (Time is in decaauts)
 A = Elapsed time spent in this place.
 B = Non-inter-level travel time spent in this place.
 C = Inter-level travel time spent in this place.
 D = Time resting spent in this place.
 E = Time spent auto-exploring this place.
 F = Levels seen in this place.
 G = Mean time per level.
                   A        B        C        D        E       F      G
               +--------+--------+--------+--------+--------+-----+--------+
         Total |   4267 |   4210 |     57 |    678 |   2810 |   4 | 1066.8 |
       Dungeon |   4267 |   4210 |     57 |    678 |   2810 |   4 | 1066.8 |
               +--------+--------+--------+--------+--------+-----+--------+

Top non-repeatable levels by time:
     D:3: 1610 daAuts
     D:1: 1560 daAuts
     D:2: 950 daAuts
     D:4: 145 daAuts
